 Dungeon Crawl Stone Soup version 0.24.1-14-gf8d2b509d9 (webtiles) character file.

Game seed: 1710473910612148052, levelgen mode: deterministic

1561 Froggeryz the Basher (level 8, -2/58 HPs)
             Began as an Octopode Berserker on Nov 18, 2022.
             Was an Elder of Trog.
             Slain by a wight
             ... wielding a +0 halberd
              (10 damage)
             ... on level 6 of the Dungeon.
             The game lasted 00:08:28 (7472 turns).

Froggeryz the Basher (Octopode Berserker)           Turns: 7472, Time: 00:08:29

Health: -2/58      AC:  1    Str: 17    XL:     8   Next: 89%
Magic:  8/8        EV: 14    Int:  9    God:    Trog [****..]
Gold:   295        SH:  0    Dex: 13    Spells: 7/7 levels left

rFire    x . .     SeeInvis .   w - +2 mace (holy)
rCold    + . .     Gourm    .   (no shield)
rNeg     . . .     Faith    .   (helmet restricted)
rPois    .         Spirit   .   (no amulet)
rElec    .         Reflect  .   p - ring of ice
rCorr    .         Harm     .   (no ring)
MR       .....                  (no ring)
Stlth    ++........             (no ring)
HPRegen  0.19/turn              (no ring)
MPRegen  0.11/turn              (no ring)
                                (no ring)
                                (no ring)

@: about to teleport, berserk cooldown, slowed, lightly drained, very slow
A: almost no armour, stealthy swim, amphibious, 8 rings, constrict 8, camouflage
1, gelatinous body 1
a: Berserk, Trog's Hand, Brothers in Arms, Renounce Religion


You were on level 6 of the Dungeon.
You worshipped Trog.
Trog was greatly pleased with you.
You were hungry.

You visited 1 branch of the dungeon, and saw 6 of its levels.
You also visited: Sewer.

You collected 295 gold pieces.

Inventory:

Hand Weapons
 w - a +2 mace of holy wrath (weapon)
Missiles
 n - 42 poisoned darts (quivered)
Jewellery
 p - a ring of ice (left tentacle)
Wands
 g - a wand of random effects (17)
 k - a wand of scattershot (4)
Scrolls
 c - a scroll of teleportation
 d - a scroll of random uselessness {unknown}
 l - 3 scrolls of enchant armour
 r - a scroll of fog {unknown}
 s - a scroll of remove curse {unknown}
 u - a scroll of amnesia {unknown}
 x - 2 scrolls of enchant weapon {unknown}
Potions
 a - a potion of resistance {unknown}
 e - a potion of lignification {unknown}
 f - 3 potions of curing
 h - 3 potions of haste {unknown}
 i - 3 potions of heal wounds
 j - a potion of invisibility {unknown}
 m - a potion of agility {unknown}
 o - a potion of flight {unknown}
 q - a potion of degeneration {unknown}
 v - a potion of magic {unknown}
Miscellaneous
 t - a lamp of fire
Comestibles
 b - 12 rations


   Skills:
 + Level 6.9(6.4) Fighting
 * Level 9.4(8.8) Maces & Flails
 - Level 3.0(2.5) Dodging


You had 7 spell levels left.
You didn't know any spells.
Your spell library was empty.

Dungeon Overview and Level Annotations

Branches:
Dungeon (6/15)             Temple (0/1) D:5           Sewer (visited)

Altars:


Innate Abilities, Weirdness & Mutations

You cannot wear most types of armour.
You are very stealthy in the water. (Stealth+)
You are amphibious.
You can wear up to eight rings at the same time.
You can use your tentacles to constrict eight enemies at once.
Your skin changes colour to match your surroundings (Stealth+).
Your rubbery body absorbs attacks. (AC +1, EV +1)


Message History

You destroy the wight!
Trog accepts your kill.
A wight comes into view. It is wielding a +0 war axe.
Things that are here:
a cursed +0 trident; a +0 robe You feel a strong urge to attack something.
You are no longer berserk.
You are exhausted.
You feel yourself slow down. The wight barely misses you.
You hit the wight but do no damage. Your grab misses the wight.
The wight closely misses you.
The wight hits you from afar with a +0 halberd!
You feel drained.
* * * LOW HITPOINT WARNING * * *
As you read the scroll of teleportation, it crumbles to dust.
You feel strangely unstable.
The wight hits you with a +4 long sword!
* * * LOW HITPOINT WARNING * * *
The wight hits you from afar with a +0 halberd!
You die...

###### #
#....#######.#
#............#
#.............
##......zz...#.
#..........$...
#....).@z....#
#...)........#
#............#
#............#
#............#
#............#
##............#
#.......#######
#.......#


You could see 3 wights.

Vanquished Creatures
  A sky beast (D:6)
  A phantom (D:4)
  2 ogres (D:4)
  2 centaurs
  2 bullfrogs (Sewer)
  3 scorpions
  2 wights (D:6)
  2 electric eels (D:6)
  A crimson imp (D:6)
  2 orc priests (D:6)
  Jessica (D:2)
  2 orc wizards
  A worker ant (D:4)
  A worker ant zombie (D:5)
  Robin (D:3)
  17 adders
  2 river rats (D:5)
  9 oozes
  5 adder skeletons
  A worm (D:4)
  A dart slug (D:3)
  14 leopard geckos
  12 orcs
  10 ball pythons
  17 giant cockroaches
  14 goblins
  6 hobgoblins
  15 jackals
  A quokka (D:3)
  7 bats
  12 frilled lizards
  9 kobolds
  4 rats
180 creatures vanquished.

Vanquished Creatures (others)
  A plant (D:6)
1 creature vanquished.

Grand Total: 181 creatures vanquished

Notes
Turn   | Place    | Note
-------+----------+-------------------------------------------
     0 | D:1      | Froggeryz the Octopode Berserker began the quest for the
                  | Orb.
     0 | D:1      | Reached XP level 1. HP: 16/16 MP: 1/1
   143 | D:1      | Reached XP level 2. HP: 18/21 MP: 2/2
   433 | D:1      | You fall into a shaft and drop 1 floor!
  1051 | D:1      | Reached XP level 3. HP: 26/26 MP: 3/3
  1261 | D:2      | Reached skill level 4 in Maces & Flails
  1583 | D:2      | Reached XP level 4. HP: 31/32 MP: 4/4
  1871 | D:2      | Reached ** piety under Trog
  2032 | D:2      | Noticed Jessica
  2040 | D:2      | Killed Jessica
  2278 | D:3      | Reached XP level 5. HP: 29/37 MP: 5/5
  2545 | D:3      | Noticed Robin
  2549 | D:3      | Reached skill level 5 in Maces & Flails
  2569 | D:3      | Killed Robin
  3566 | D:4      | Reached XP level 6. HP: 44/44 MP: 6/6
  3835 | D:4      | Noticed a phantom
  3879 | D:5      | Entered Level 5 of the Dungeon
  4111 | D:5      | Found a staircase to the Ecumenical Temple.
  4226 | D:5      | Reached skill level 6 in Maces & Flails
  4520 | D:5      | Reached *** piety under Trog
  4547 | D:5      | Found a glowing drain.
  4552 | Sewer    | Entered a sewer
  4723 | Sewer    | Reached XP level 7. HP: 32/49 MP: 7/7
  4894 | Sewer    | Reached skill level 5 in Fighting
  5034 | Sewer    | Reached **** piety under Trog
  5201 | Sewer    | Reached skill level 7 in Maces & Flails
  6072 | D:4      | Reached skill level 8 in Maces & Flails
  6072 | D:4      | Reached XP level 8. HP: 57/57 MP: 8/8
  7107 | D:6      | Reached skill level 9 in Maces & Flails
  7472 | D:6      | Slain by a wight

Levels and vault maps discovered:
D:1:      lemuel_arrival_hallway, layout_basic
D:2:      layout_basic, uniq_jessica
D:3:      layout_basic, first_ration, uniq_robin
D:4:      layout_gridville, feat_on_display
D:5:      layout_rooms, minmay_temple_entry_offerings, lightli_sewer_entry_pipes
D:6:      layout_basic, serial_bayou, serial_bayou_pond_d, serial_bayou_pond_a,
          serial_bayou_pond_c, serial_bayou_ford_a,
          chequers_serial_rivers_small_b, sigmund_edmund_badplayer

Skill      XL: |  1  2  3  4  5  6  7  8 |
---------------+-------------------------+-----
Maces & Flails | 4 5 6 8 9 |  9.4
Fighting       | 4 5 6 |  6.9
Dodging        | |  3.0

Action                   |  1- 3 |  4- 6 |  7- 9 || total
-------------------------+-------+-------+-------++-------
Melee: Mace              |    50 |   176 |   142 ||   368
       Constrict         |    18 |    43 |    27 ||    88
       Tentacles         |    14 |    43 |    28 ||    85
Throw: Dart              |       |     1 |       ||     1
Invok: Berserk           |       |     3 |     3 ||     6
  Use: Scroll            |       |     2 |     3 ||     5
       Potion            |       |     1 |       ||     1
 Stab: Sleeping          |     4 |    10 |     6 ||    20
       Distracted        |       |     1 |     1 ||     2
  Eat: Chunk             |     2 |    13 |    10 ||    25
Armor: Skin              |     2 |    10 |     5 ||    17
Dodge: Dodged            |    47 |   138 |   110 ||   295
